 Dungeon Crawl Stone Soup version 0.24.0-28-g17ded55e90 (webtiles) character file.

Game seed: 9693103486990469151, levelgen mode: deterministic

218 PentaManta the Ducker (level 5, 0/36 HPs)
             Began as an Octopode Fighter on Nov 11, 2019.
             Slain by an adder (3 damage)
             ... in a sewer.
             The game lasted 00:04:56 (2447 turns).

PentaManta the Ducker (Octopode Fighter)            Turns: 2447, Time: 00:04:57

Health: 0/36       AC:  1    Str: 21    XL:     5   Next: 95%
Magic:  5/5        EV: 12    Int: 10    God:
Gold:   35         SH:  9    Dex: 12    Spells: 4/4 levels left

rFire    . . .     SeeInvis .   e - +1 dagger
rCold    . . .     Gourm    .   b - +0 shield
rNeg     . . .     Faith    .   (helmet restricted)
rPois    .         Spirit   .   (no amulet)
rElec    .         Reflect  .   (no ring)
rCorr    .         Harm     .   (no ring)
MR       +....                  (no ring)
Stlth    ++++......             (no ring)
HPRegen  0.12/turn              (no ring)
MPRegen  0.09/turn              (no ring)
                                (no ring)
                                (no ring)

@: mighty, lethally poisoned (0 -> -7)
A: almost no armour, stealthy swim, amphibious, 8 rings, constrict 8, tentacle
spike 1, camouflage 1, magic resistance 1, gelatinous body 1, subdued magic 1
a: no special abilities


You were in a sewer.
You were not hungry.

You visited 1 branch of the dungeon, and saw 3 of its levels.
You also visited: Sewer.

You collected 35 gold pieces.

Inventory:

Hand Weapons
 a - a +0 rapier
 e - a +1 dagger (weapon)
Armour
 b - a +0 shield (worn)
Scrolls
 f - a scroll of blinking {unknown}
 h - a scroll of enchant weapon
 i - a scroll of fog {unknown}
 k - 2 scrolls of teleportation
 l - a scroll of magic mapping {unknown}
Potions
 j - a potion of curing {unknown}
 m - a potion of cancellation {unknown}
Comestibles
 d - 7 rations


   Skills:
 - Level 3.1 Fighting
 + Level 3.2 Short Blades
 + Level 4.1 Dodging
 + Level 3.4 Stealth
 + Level 4.1 Shields


You had 4 spell levels left.
You didn't know any spells.
Your spell library contained the following spells:

 Spells                   Type           Power        Failure   Level  Hunger
 Magic Dart               Conj           #...         80%         1    ##.....
 Blink                    Tloc           N/A          91%         2    ###....
 Call Imp                 Summ           #.......     91%         2    ###....
 Slow                     Hex            #.......     91%         2    ###....
 Conjure Flame            Conj/Fire      #.......     99%         3    ####...
 Mephitic Cloud           Conj/Pois/Air  #.......     99%         3    ####...


Dungeon Overview and Level Annotations

Branches:
Dungeon (3/15)              Sewer (1/1)

Altars:
Cheibriados
Okawaru
Trog


Innate Abilities, Weirdness & Mutations

You cannot wear most types of armour.
You are very stealthy in the water. (Stealth+)
You are amphibious.
You can wear up to eight rings at the same time.
You can use your tentacles to constrict eight enemies at once.
Your skin changes colour to match your surroundings (Stealth+).
Your rubbery body absorbs attacks. (AC +1, EV +1)
One of your tentacles bears a spike.
You are resistant to hostile enchantments. (MR+)
Your spells are a little easier to cast, but a little less powerful.


Message History

You feel sick. You block the adder's attack. The adder barely misses you.
You closely miss the river rat. You grab the river rat.
You constrict the river rat.
You feel sick.
The river rat escapes!
The adder bites you.
* * * LOW HITPOINT WARNING * * *
You puncture the adder! Your grab misses the adder.
The adder is almost dead.
The river rat bites you.
* * * LOW HITPOINT WARNING * * *
You block the rat's attack. You block the river rat's attack.
The adder bites you.
* * * LOW HITPOINT WARNING * * *
The frilled lizard misses you.
It was a potion of mutation.
You feel extremely strange.
One of your lower tentacles grows a sharp spike.
Your connection to magic feels subdued.
You feel resistant to hostile enchantments.
* * * LOW HITPOINT WARNING * * *
You feel sick. You block the river rat's attack. The adder bites you.
You die...

.. ...
...S####################
......≈≈≈≈≈≈≈≈≈≈≈≈≈≈≈..###
#.....≈≈≈≈≈..≈≈≈≈≈≈≈≈≈...##
#.....≈≈rr≈≈..≈≈≈≈≈≈≈≈....##
#....≈†r≈≈≈r..≈≈≈≈≈≈≈≈.....#
##...≈≈rr≈Slr≈≈≈≈≈≈≈≈≈.....#
###..r≈≈≈r@r≈≈≈≈≈≈≈≈......#
####################....#
####...# #..#.... #..'....
#####... ##...#
####################†...#
###.#≈≈≈≈≈≈.≈≈≈≈≈≈≈≈..†...#


You could see an adder, 2 river rats, a frilled lizard and 8 rats.

Vanquished Creatures
  2 orc priests (D:3)
  A worker ant (D:2)
  2 adders
  2 river rats (Sewer)
  3 oozes
  A dart slug (D:3)
  2 worms (D:2)
  2 leopard geckos
  5 orcs (D:3)
  4 bats
  7 giant cockroaches
  4 goblins
  7 hobgoblins
  4 jackals (D:2)
  6 ball pythons (Sewer)
  3 frilled lizards
  4 kobolds
  22 rats
81 creatures vanquished.

Notes
Turn   | Place    | Note
-------+----------+-------------------------------------------
     0 | D:1      | PentaManta the Octopode Fighter began the quest for the
                  | Orb.
     0 | D:1      | Reached XP level 1. HP: 16/16 MP: 1/1
    33 | D:1      | Reached XP level 2. HP: 21/21 MP: 2/2
   545 | D:1      | Reached skill level 1 in Stealth
   545 | D:1      | Reached XP level 3. HP: 23/26 MP: 3/3
  1294 | D:2      | Reached XP level 4. HP: 22/31 MP: 4/4
  1656 | D:2      | Noticed a moth of wrath
  1659 | D:2      | Found a bloodstained altar of Trog.
  1814 | D:2      | Found a snail-covered altar of Cheibriados.
  1895 | D:3      | Reached XP level 5. HP: 25/36 MP: 5/5
  1936 | D:3      | Found an iron altar of Okawaru.
  1936 | D:3      | Found a bloodstained altar of Trog.
  2126 | D:3      | Found a glowing drain.
  2132 | Sewer    | Entered a sewer
  2447 | Sewer    | Gained mutation: One of your tentacles bears a spike.
                  | [potion of mutation]
  2447 | Sewer    | Gained mutation: Your spells are a little easier to cast,
                  | but a little less powerful. [potion of mutation]
  2447 | Sewer    | Gained mutation: You are resistant to hostile enchantments.
                  | (MR+) [potion of mutation]
  2447 | Sewer    | Slain by an adder

Levels and vault maps discovered:
D:1:      elethiomel_arrival_shortcut, layout_basic
D:2:      layout_basic, cheibriados_altar_1, first_ration, tgw_trog
D:3:      minmay_inner_zag, layout_basic, grunt_temple_overflow_open,
          gup_sewer_entry_pipe
Sewer:    sewer_minmay_w

Skill      XL: |  1  2  3  4  5 |
---------------+----------------+-----
Stealth        | 1 2 3 |  3.4
Short Blades   | 3 |  3.2
Dodging        | 4 |  4.1
Shields        | 4 |  4.1
Fighting       | |  3.1

Action                   |  1- 3 |  4- 6 || total
-------------------------+-------+-------++-------
Melee: Rapier            |    10 |       ||    10
       Tentacles         |    15 |    23 ||    38
       Constrict         |    14 |    34 ||    48
       Dagger            |    40 |   118 ||   158
  Use: Scroll            |       |     4 ||     4
       Potion            |       |     2 ||     2
 Stab: Sleeping          |     7 |     7 ||    14
  Eat: Chunk             |     1 |     4 ||     5
Armor: Skin              |     2 |     6 ||     8
Dodge: Dodged            |    18 |    45 ||    63
Block: Shield            |    12 |    47 ||    59
